 Dungeon Crawl Stone Soup version 0.23.2-11-gf996548c65 (webtiles) character file.

Game seed: 8411863905359029967

179 diana the Cudgeler (level 5, -1/28 HPs)
             Began as a Gargoyle Wizard on June 5, 2019.
             Slain by an ogre
             ... wielding a +0 giant club
              (13 damage)
             ... on level 4 of the Dungeon.
             The game lasted 00:06:33 (3902 turns).

diana the Cudgeler (Gargoyle Wizard)                Turns: 3902, Time: 00:06:34

Health: -1/28      AC: 22    Str: 11    XL:     5   Next: 59%
Magic:  9/9        EV:  2    Int: 19    God:
Gold:   143        SH:  0    Dex:  8    Spells: 9/10 levels left

rFire    . . .     SeeInvis .   q - +2 mace (protect)
rCold    . . .     Gourm    .   (no shield)
rNeg     + . .     Faith    .   c - +0 plate armour
rPois    ∞         Spirit   .   b - +0 hat
rElec    +         Reflect  .   (no cloak)
rCorr    .         Harm     .   (no gloves)
MR       .....                  (no boots)
Stlth    ..........             (no amulet)
HPRegen  0.09/turn              (no ring)
MPRegen  0.11/turn              (no ring)

@: protection aura, very slightly contaminated, invisible
A: negative energy resistance 1, electricity resistance, unbreathing,
petrification resistance, rot immunity, AC +4
a: no special abilities


You were on level 4 of the Dungeon.
You were very hungry.

You visited 1 branch of the dungeon, and saw 4 of its levels.

You collected 143 gold pieces.

Inventory:

Hand Weapons
 m - a +0 club
 p - a +3 whip
 q - a +2 mace of protection (weapon)
 D - a +0 flail
Armour
 a - a +0 robe
 b - a +0 hat (worn)
 c - a +0 plate armour (worn)
 B - a +0 large shield
Jewellery
 v - a cursed amulet of inaccuracy {unknown}
Wands
 E - a wand of polymorph (4)
Scrolls
 e - 3 scrolls of teleportation {unknown}
 g - a scroll of fog {unknown}
 i - a scroll of enchant weapon {unknown}
 n - a scroll of remove curse {unknown}
 s - a scroll of immolation {unknown}
 t - a scroll of enchant armour {unknown}
 w - a scroll of noise {unknown}
 y - a scroll of blinking {unknown}
 C - a scroll of identify {unknown}
 F - a scroll of magic mapping {unknown}
 G - a scroll of fear {unknown}
Potions
 f - 2 potions of curing
 j - a potion of flight {unknown}
 k - a potion of berserk rage {unknown}
 l - 2 potions of haste {unknown}
 o - a potion of ambrosia {unknown}
 r - a potion of mutation {unknown}
 u - a potion of agility {unknown}
 x - a potion of degeneration {unknown}
 z - 3 potions of lignification {unknown}
 A - a potion of might {unknown}
Comestibles
 d - 3 rations


   Skills:
 + Level 0.9 Fighting
 * Level 4.0 Maces & Flails
 + Level 2.6 Armour
 + Level 1.7 Dodging
 - Level 2.1 Stealth
 + Level 0.1 Shields
 - Level 3.0 Spellcasting
 - Level 1.1 Conjurations
   Level 0.8 Summonings
   Level 0.8 Translocations


You had 9 spell levels left.
You knew the following spells:

 Your Spells              Type           Power        Failure   Level  Hunger
a - Magic Dart            Conj           #...         100%        1    None

Your spell library contained the following spells:

 Spells                   Type           Power        Failure   Level  Hunger
 Blink                    Tloc           N/A          100%        2    ##.....
 Call Imp                 Summ           #.......     100%        2    ##.....
 Slow                     Hex            #.......     100%        2    ##.....
 Conjure Flame            Conj/Fire      #.......     100%        3    ###....
 Mephitic Cloud           Conj/Pois/Air  #.......     100%        3    ###....


Dungeon Overview and Level Annotations

Branches:
Dungeon (4/15)
 Temple: D:4-7

Altars:
Ashenzari
Cheibriados
Fedhas
Gozag
Kikubaaqudgha
Makhleb
Wu Jian


Innate Abilities, Weirdness & Mutations

You are resistant to torment.
Your stone body is resilient. (AC +4)
You are immune to poison.
You resist negative energy. (rN+)
You are resistant to electric shocks. (rElec)
You can survive without breathing.
You are immune to petrification.
You are immune to rotting.


Message History

There is a stone staircase leading up here.
It was a potion of curing.
You feel better. The ogre hits you with a +0 giant club!
It was a potion of invisibility.
You fade into invisibility!
The ogre hits you with a +0 giant club.
You are very lightly contaminated with residual magic.
Your plate armour prevents you from hitting the ogre.
The ogre hits you with a +0 giant club.
Your plate armour prevents you from hitting the ogre.
The ogre hits you but does no damage.
Your plate armour prevents you from hitting the ogre.
You thump the ogre!
Your weapon exudes an aura of protection.
The ogre is moderately wounded.
The ogre hits you with a +0 giant club.
Your plate armour prevents you from hitting the ogre.
The ogre is moderately wounded.
The ogre hits you with a +0 giant club!
You die...

#.#.##.#
#......#
#O#.##.##
#.[.....#
#.#..#..#
#....#..#
#[####..#
#.......#
#....O@.#
#.#######
#.# #.#
#.. #..
#.


You could see an ogre.

Vanquished Creatures
  An orc wizard (D:3)
  A hound (D:2)
  Terence (D:2)
  An adder (D:3)
  An ooze (D:1)
  2 worms
  2 dart slugs
  6 leopard geckos
  5 orcs (D:3)
  4 ball pythons
  A giant cockroach (D:3)
  5 goblins
  5 hobgoblins
  4 jackals (D:1)
  3 quokkas
  8 bats
  A frilled lizard (D:1)
  8 kobolds
  3 rats
62 creatures vanquished.

Notes
Turn   | Place    | Note
-------+----------+-------------------------------------------
     0 | D:1      | diana the Gargoyle Wizard began the quest for the Orb.
     0 | D:1      | Reached XP level 1. HP: 10/10 MP: 4/4
   413 | D:1      | Reached XP level 2. HP: 16/16 MP: 0/6
   732 | D:1      | Reached skill level 1 in Maces & Flails
   801 | D:1      | Reached XP level 3. HP: 6/20 MP: 1/7
  1106 | D:1      | Reached skill level 2 in Maces & Flails
  1168 | D:1      | Reached skill level 1 in Armour
  1644 | D:2      | Noticed Terence
  1721 | D:2      | Killed Terence
  1721 | D:2      | Reached XP level 4. HP: 5/24 MP: 8/8
  1997 | D:2      | Reached skill level 3 in Maces & Flails
  2212 | D:2      | Found an ancient bone altar of Kikubaaqudgha.
  2312 | D:2      | Found a burning altar of Makhleb.
  2313 | D:2      | Found a shattered altar of Ashenzari.
  2313 | D:2      | Found an ornate altar of the Wu Jian Council.
  2319 | D:2      | Found a blossoming altar of Fedhas.
  2319 | D:2      | Found a snail-covered altar of Cheibriados.
  2320 | D:2      | Found an opulent altar of Gozag.
  2847 | D:3      | Reached XP level 5. HP: 24/28 MP: 9/9
  3286 | D:3      | Reached skill level 4 in Maces & Flails
  3670 | D:4      | Noticed an ogre
  3828 | D:4      | Noticed an ogre
  3902 | D:4      | Slain by an ogre

Skill      XL: |  1  2  3  4  5 |
---------------+----------------+-----
Maces & Flails | 1 2 3 4 |  4.0
Armour         | 1 2 |  2.6
Fighting       | |  0.9
Dodging        | |  1.7
Stealth        | |  2.1
Shields        | |  0.1
Spellcasting   | |  3.0
Conjurations   | |  1.1
Summonings     | |  0.8
Translocations | |  0.8

Action                   |  1- 3 |  4- 6 || total
-------------------------+-------+-------++-------
Melee: Unarmed           |    44 |       ||    44
       Club              |   173 |       ||   173
       Mace              |       |   186 ||   186
 Cast: Magic Dart        |    22 |       ||    22
  Use: Potion            |       |     2 ||     2
 Stab: Sleeping          |     1 |       ||     1
  Eat: Chunk             |     2 |     7 ||     9
Armor: Robe              |    28 |       ||    28
       Plate armour      |   154 |   220 ||   374
Dodge: Dodged            |    50 |    14 ||    64
Block: Large shield      |       |    44 ||    44
